 Dungeon Crawl Stone Soup version 0.31-a0-765-g67fe2935dc (webtiles) character file.

Game seed: 17409921582155042160

268458 zero the Scorcher (level 20, 0/122 HPs)
             Began as a Gargoyle Conjurer on Sept 15, 2023.
             Was the Champion of Vehumet.
             Slain by an Executioner (14 damage)
             ... summoned by a deep elf demonologist
             ... on level 3 of the Elven Halls.
             The game lasted 01:17:14 (45853 turns).

zero the Scorcher (Gargoyle Conjurer)              Turns: 45853, Time: 01:17:14

Health: 0/122      AC: 30    Str: 14    XL:     20   Next: 15%
Magic:  4/39       EV: 13    Int: 35    God:    Vehumet [******]
Gold:   618        SH: 11    Dex: 11    Spells: 20/50 levels left

rFire   + . .        W - staff of Beastly Tenacity {rElec rF+ rCorr Str+3 Stlth- Fire}
rCold   + . .        Y - +2 kite shield {rN+}
rNeg    + + .        R - +1 robe of Understanding {Regen+ Str-2 Dex+3 Slay+2}
rPois   ∞            O - +1 hat {Will+}
rElec   +            M - +0 cloak
rCorr   +            A - +2 pair of gloves
SInv    .            F - +2 pair of boots
Will    ++...        x - amulet of Joicujiw {RegenMP rC+ Regen+}
Stlth   +            w - +6 ring of intelligence
HPRegen 2.00/turn    T - ring "Gihith Fuext" {Wiz Int+3}
MPRegen 0.66/turn

%: wizardry (x1)
@: flying
A: sickness immunity, AC +15, big wings, negative energy resistance 1,
electricity resistance, torment resistance 1, petrification resistance
}: 2/15 runes: serpentine, barnacled
a: Renounce Religion


You were on level 3 of the Elven Halls.
You worshipped Vehumet.
Vehumet was exalted by your worship.
You visited 8 branches of the dungeon, and saw 34 of its levels.
You visited the Abyss 1 time.
You visited 1 bazaar.
You also visited: Ice Cave.

You collected 3447 gold pieces.
You spent 2829 gold pieces at shops.

Inventory:

Hand Weapons
 c - the +3 broad axe "Grum" {flame, *Rage rF+ Str+3 Stlth+}
   (You found it on level 14 of the Dungeon)

   Str+3:     It affects your strength (+3).
   rF+:       It protects you from fire.
   *Rage:     It berserks you when you make melee attacks (+20% chance).
   Stlth+:    It makes you more stealthy.
Missiles
 K - 3 silver javelins
 S - 2 curare-tipped darts
 Z - 6 throwing nets
Armour
 A - a +2 pair of gloves (worn)
 F - a +2 pair of boots (worn)
 M - a +0 cloak (worn)
 O - a +1 hat of willpower (worn)
 R - the +1 robe of Understanding (worn) {Regen+ Str-2 Dex+3 Slay+2}
   (You took it off a deep elf zephyrmancer on level 2 of the Orcish Mines)

   Str-2:     It affects your strength (-2).
   Dex+3:     It affects your dexterity (+3).
   Slay+2:    It affects your accuracy & damage with ranged weapons and melee
   (+2).
   Regen+:    It increases your rate of health regeneration.
 Y - a +2 kite shield of positive energy (worn)
Magical Staves
 W - the staff of Beastly Tenacity (weapon) {rElec rF+ rCorr Str+3 Stlth- Fire}
   (You bought it in a shop on level 3 of the Snake Pit)

   [staff of fire]

   Base accuracy: +5 Base damage: 5 Base attack delay: 1.2 This weapon's minimum
   attack delay (0.6) is reached at skill level 12.
   Str+3:     It affects your strength (+3).
   rF+:       It protects you from fire.
   rElec:     It insulates you from electricity.
   rCorr:     It protects you from acid and corrosion.
   Stlth-:    It makes you less stealthy.
   Fire:      It increases the power of your Fire spells.
   It falls into the 'Staves' category.
   It is a one-handed weapon.
Jewellery
 a - the amulet "Loacwom" {rPois rF+ Regen+}
   (You took it off a deep elf death mage on level 3 of the Elven Halls)

   [amulet of regeneration]

   rF+:       It protects you from fire.
   rPois:     It protects you from poison Regen+: It increases your rate of
   health regeneration.
 n - a ring of protection from fire
 w - a +6 ring of intelligence (left hand)
 x - the amulet of Joicujiw (around neck) {RegenMP rC+ Regen+}
   (You found it on level 9 of the Dungeon)

   [amulet of magic regeneration]

   RegenMP:   It increases your rate of magic regeneration.
   rC+:       It protects you from cold.
   Regen+:    It increases your rate of health regeneration.
 z - the amulet "Zataocim" {Acrobat rC+}
   (You found it on level 5 of the Dungeon)

   [amulet of the acrobat]

   Acrobat:   It increases your evasion while moving and waiting.
   rC+:       It protects you from cold.
 D - a ring of protection from cold
 H - the ring of Yngatofi {EV+5 Str+2}
   (You took it off a deep elf elementalist on level 3 of the Elven Halls)

   [ring of evasion]

   EV+5:      It affects your evasion (+5).
   Str+2:     It affects your strength (+2).
 Q - a ring of magical power
 T - the ring "Gihith Fuext" (right hand) {Wiz Int+3}
   (You bought it in a shop on level 2 of the Elven Halls)

   [ring of wizardry]

   Wiz:       It improves your spell success rate.
   Int+3:     It affects your intelligence (+3).
Wands
 h - a wand of light (26)
 l - a wand of roots (15)
 p - a wand of mindburst (22)
 t - a wand of polymorph (11)
 C - a wand of paralysis (8)
Scrolls
 d - 3 scrolls of butterflies
 e - 3 scrolls of blinking
 f - 8 scrolls of teleportation
 k - 5 scrolls of noise
 y - 8 scrolls of immolation
 B - 3 scrolls of poison
 E - 3 scrolls of vulnerability
 G - 7 scrolls of fear
 J - 2 scrolls of silence
 V - a scroll of fog
 X - 3 scrolls of torment
Potions
 b - 2 potions of magic
 g - 8 potions of curing
 i - a potion of ambrosia
 j - 3 potions of brilliance
 m - 2 potions of mutation
 q - 2 potions of lignification
 r - 5 potions of attraction
 s - 4 potions of invisibility
 u - 9 potions of haste
 v - 3 potions of heal wounds
 I - 2 potions of might
 L - 3 potions of resistance
 U - 3 potions of berserk rage
Miscellaneous
 o - a phial of floods


   Skills:
 - Level 12.0 Fighting
 - Level 3.0 Axes
 - Level 5.0 Throwing
 - Level 17.6 Armour
 - Level 8.0 Dodging
 - Level 3.0 Stealth
 - Level 6.0 Shields
 + Level 15.6 Spellcasting
 + Level 15.9 Conjurations
 - Level 5.0 Translocations
 + Level 18.6 Fire Magic
 - Level 5.0 Evocations


You had 20 spell levels left.
You knew the following spells:

 Your Spells              Type           Power      Damage    Failure   Level
a - Magic Dart            Conj           100%       1d8       0%          1
b - Searing Ray           Conj           100%       2d8       0%          2
c - Iskenderun's Mystic   Conj/Tloc      79%        2d16      1%          4
d - Orb of Destruction    Conj           47%        9d12      1%          7
e - Iskenderun's Battles  Conj           95%        2d14      1%          5
f - Blink                 Tloc           100%       N/A       1%          2
g - Apportation           Tloc           100%       N/A       1%          1
h - Ignition              Fire           63%        3d17      1%          8

Your spell library contained the following spells:

 Spells                   Type           Power      Damage    Failure   Level
 Fire Storm               Conj/Fire      61%        8d15      30%         9
 Chain Lightning          Conj/Air       35%        3d46      100%        9
 Shatter                  Erth           13%        3d14*     100%        9
 Scorch                   Fire           100%       2d9       0%          2
 Necrotise                Necr           100%       1d9       1%          1
 Slow                     Hex            100%       N/A       1%          1
 Summon Small Mammal      Summ           100%       N/A       1%          1
 Static Discharge         Conj/Air       100%       2-7/arc   1%          2
 Dazzling Flash           Conj/Hex       100%       N/A       1%          3
 Gell's Gravitas          Tloc           58%        N/A       1%          3
 Ignite Poison            Fire/Tmut/Pois 82%        N/A       1%          3
 Inner Flame              Hex/Fire       95%        N/A       1%          3
 Mephitic Cloud           Conj/Pois/Air  59%        N/A       1%          3
 Teleport Other           Tloc           58%        N/A       1%          3
 Fulminant Prism          Conj/Hex       35%        3d17      1%          4
 Manifold Assault         Tloc           58%        N/A       1%          4
 Passage of Golubria      Tloc           58%        N/A       1%          4
 Sticky Flame             Conj/Fire      100%       2d11      1%          4
 Irradiate                Conj/Tmut      35%        3d23      1%          5
 Call Imp                 Summ           54%        N/A       2%          2
 Jinxbite                 Hex            54%        N/A       2%          2
 Wereblood                Tmut           27%        N/A       2%          2
 Leda's Unmaking          Conj/Erth      35%        9d6       2%          6
 Confusing Touch          Hex            27%        N/A       4%          3
 Ozocubu's Armour         Ice            27%        N/A       4%          3
 Sigil of Binding         Hex            27%        N/A       4%          3
 Summon Guardian Golem    Hex/Summ       27%        N/A       4%          3
 Tukima's Dance           Hex            27%        N/A       4%          3
 Vampiric Draining        Necr           27%        2d7       4%          3
 Airstrike                Air            13%        2d(2-18)  4%          4
 Dimensional Bullseye     Hex/Tloc       22%        N/A       6%          4
 Lee's Rapid Deconstruct  Erth           13%        3d9*      12%         5
 Yara's Violent Unravell  Hex/Tmut       13%        3d7       12%         5
 Spellforged Servitor     Conj/Summ      35%        N/A       13%         7
 Animate Dead             Necr           27%        N/A       16%         4
 Leda's Liquefaction      Hex/Erth       13%        N/A       16%         4
 Summon Lightning Spire   Summ/Air       27%        N/A       16%         4
 Summon Forest            Summ/Tloc      22%        N/A       16%         5
 Dispersal                Tloc           29%        N/A       30%         6
 Alistair's Intoxication  Tmut/Pois      18%        N/A       38%         5
 Borgnjor's Vile Clutch   Necr/Erth      13%        N/A       38%         5
 Metabolic Englaciation   Hex/Ice        13%        N/A       38%         5
 Silence                  Hex/Air        13%        N/A       38%         5
 Eringya's Noxious Bog    Tmut/Pois      13%        4d6       47%         6
 Lehudib's Crystal Spear  Conj/Erth      35%        10d9      63%         8
 Death Channel            Necr           13%        N/A       91%         6
 Simulacrum               Ice/Necr       13%        N/A       91%         6
 Ozocubu's Refrigeration  Ice            13%        4d10      92%         7
 Malign Gateway           Summ/Tloc      22%        N/A       99%         7
 Enfeeble                 Hex            13%        N/A       100%        7
 Haunt                    Necr/Summ      13%        N/A       100%        7
 Summon Hydra             Summ           13%        N/A       100%        7
 Disjunction              Tloc           29%        N/A       100%        8
 Infestation              Necr           13%        N/A       100%        8


Dungeon Overview and Level Annotations

Branches:
Dungeon (14/15)            Temple (1/1) D:6            Lair (5/5) D:10
 Shoals (4/4) Lair:3        Snake (4/4) Lair:2        Slime (1/5) Lair:5
    Orc (2/2) D:11            Elf (3/3) Orc:2        Vaults (0/5) D:14
  IceCv (visited)

Altars:
Ashenzari
Cheibriados
Dithmenos
Elyvilon
Fedhas
Gozag
Hepliaklqana
Kikubaaqudgha
Makhleb
Nemelex Xobeh
Okawaru
Qazlal
Ru
Sif Muna
Trog
Uskayaw
Vehumet
Wu Jian
Xom
Yredelemnul
Zin
The Shining One
Jiyva

Shops:
D:7 (   Orc:1 [(   Orc:2 :?*!   Elf:2 :==   Shoals:4 (   Snake:2 !
Snake:3 **[=

Portals:
Trove: D:11 (give +5 demon blade)

Annotations:
D:5 3 runed translucent doors, Vorhees's ghost, novice OpSh
D:13 3 runed translucent doors, exclusion: Azrael, Dolor's ghost, journeyman VSSh
D:14 Louise
Lair:1 1 runed translucent door, Yohl's ghost, novice DrCj


Innate Abilities, Weirdness & Mutations

You are immune to sickness and miasma.
Your stone body is resilient. (AC +15)
You are immune to poison.
Your large and strong wings let you fly.
You resist negative energy. (rN+)
You are resistant to electric shocks. (rElec)
You are resistant to unholy torment.
You are immune to petrification.


Message History

Okay, then.
You feel much better. You block the Executioner's attack. x2
The Executioner barely misses you.
The Executioner hits you but does no damage.
The Executioner barely misses you.
The Executioner hits you but does no damage. x4
Casting: Iskenderun's Mystic Blast (safe; 1% risk of failure)
Confirm with . or Enter, or press ? or * to list all spells.
Casting: Ignition (dangerous; 1% risk of failure)
Press: ? - help, Dir - look around, f - activate You feel a surge of power!
The air bursts into flame!
The fireball engulfs the Executioner!
The Executioner resists.
The Executioner is moderately wounded.
You block the Executioner's attack. The Executioner closely misses you.
The Executioner hits you but does no damage.
The Executioner hits you!
* * * LOW HITPOINT WARNING * * *
The Executioner hits you but does no damage. x2
You block the Executioner's attack.
The Executioner hits you but does no damage. x2
Blink to where?
Press: ? - help, Dir - move target
As you read the scroll of blinking, it crumbles to dust.
You block the Executioner's attack.
The Executioner hits you but does no damage. x3
You block the Executioner's attack.
The Executioner hits you but does no damage.
Items here: ) ?? [[[.
You block the Executioner's attack. The Executioner hits you.
* * * LOW HITPOINT WARNING * * *
You block the Executioner's attack. The Executioner misses you.
The Executioner hits you but does no damage.
You block the Executioner's attack.
Casting: Ignition (dangerous; 1% risk of failure)
Confirm with . or Enter, or press ? or * to list all spells.
You erupt in a blast of force!
The mystic blast hits the Executioner!
The Executioner is moderately wounded.
The Executioner is knocked back by the mystic blast.
The Executioner hits you!
You die...

#..######.#.....##.##...#.....
##...ee......8..##...#...##....
#..........#..#####..##.).#....
#.)##########'# #...#)))#...)
#..# #...# ##.###..##... #..#
#..## #.# #...#... #..# #.##
#.# #.<.#... #).# ##.########.#
#...#... #.e### #).1@.<.)...#
#####... #....## #..##########
#...... #..#..# #..# #......
#####.# #### #...... .).#
#...... #.°.# #...... #○1.#
#...... ##)## #...... e.e..##
##.....


You could see an Executioner (summoned, fast).

Vanquished Creatures
  3 deep elf blademasters
  A titan (Shoals:2)
  An acid blob (Slime:1)
  An Executioner (Elf:3)
  2 deep elf master archers (Elf:3)
  Roxanne (Elf:1)
  A rockslime (Lair:5)
  An azure jelly (Slime:1)
  5 nagarajas
  A frost giant (Shoals:2)
  5 deep elf sorcerers (Elf:3)
  5 deep elf elementalists
  2 quicksilver oozes (Slime:1)
  A juggernaut skeleton (Abyss:3)
  3 deep elf demonologists
  2 deep elf annihilators
  Azrael (D:13)
  Snorg (Orc:2)
  A deep elf death mage (Elf:3)
  9 merfolk javelineers
  4 deep elf high priests
  2 fire dragons (Lair:5)
  Josephine (Lair:5)
  2 hydras
  Erolcha (D:13)
  11 merfolk impalers
  2 vault guards (D:14)
  An alligator snapping turtle (Shoals:4)
  A salamander tyrant (Snake:4)
  The ghost of UltraNumeron the Grappler, a novice TrMo of Wu Jian (Orc:1)
  16 anacondas
  A centaur warrior (D:13)
  4 merfolk aquamancers
  2 merfolk avatars (Shoals:4)
  A two-headed ogre (D:10)
  A satyr (Shoals:4)
  23 naga warriors
  37 dancing weapons
  Urug (D:11)
  2 thrashing horrors (Abyss:4)
  Sonja (D:13)
  A hell hog (Abyss:3)
  16 naga sharpshooters
  7 shock serpents
  2 orc high priests
  13 deep elf knights
  7 salamander mystics
  6 skysharks
  A wretched star (Abyss:3)
  A sixfirhy (Abyss:3)
  11 sea snakes
  8 deep elf archers
  A swamp dragon (Lair:5)
  7 naga ritualists
  22 harpies
  A lindwurm (Lair:5)
  17 deep elf zephyrmancers
  6 mana vipers
  3 ugly things
  29 deep elf pyromancers
  9 orc sorcerers
  7 cyclopes
  An orc knight (Orc:1)
  12 manticores
  7 fauns
  11 salamanders
  8 merfolk sirens
  18 naga magi
  11 elephants
  28 black mambas
  15 cane toads
  3 guardian serpents
  Jeremiah (D:7)
  12 torpor snails
  7 water nymphs
  Maggie (D:8)
  A kobold demonologist (D:13)
  4 rime drakes
  8 komodo dragons
  A tengu conjurer (D:13)
  An efreet (D:14)
  2 trolls
  33 merfolk
  A polar bear (Lair:5)
  4 tyrant leeches (Lair:5)
  11 wind drakes
  8 hornets
  8 blink frogs
  4 dream sheep
  10 snapping turtles
  15 slime creatures
  4 air elementals
  2 shadows (D:10)
  A dire elephant simulacrum (IceCv)
  2 vampires
  13 water elementals
  5 wyverns
  5 wraiths (Lair:5)
  10 fire elementals
  4 golden eyes (Slime:1)
  55 yaks
  A death yak simulacrum (IceCv)
  3 basilisks
  2 small abominations (Abyss:3)
  9 humans (D:14)
  2 steam dragons
  38 nagas
  7 vampire mosquitoes
  8 wargs
  A hell hound (D:13)
  6 acid dragons
  20 water moccasins
  3 swamp drakes
  2 large abominations
  2 sky beasts
  19 orc warriors
  6 wolves (Lair:5)
  2 black bears
  4 centaurs
  3 ogres
  2 phantoms
  12 bullfrogs
  Blork the orc (D:5)
  3 earth elementals
  A scorpion (D:6)
  9 wights (D:8)
  2 jellies
  An elephant simulacrum (IceCv)
  7 howler monkeys
  A crimson imp (Orc:2)
  An iron imp (Orc:2)
  A hound (D:4)
  A gnoll bouda (D:7)
  A quasit (Abyss:3)
  21 orc priests
  A sleepcap (D:5)
  9 iguanas
  34 orc wizards
  7 hell rats (Lair:3)
  A polar bear simulacrum (IceCv)
  A wolf simulacrum (IceCv)
  15 gnolls
  12 adders
  2 shadow imps
  2 white imps
  An ufetubus (D:6)
  A dart slug (D:3)
  72 orcs
  12 endoplasms
  4 giant cockroaches
  9 hobgoblins
  4 jackals (D:5)
  2 quokkas
  4 ball pythons
  2 frilled lizards
  9 goblins
  6 kobolds
  3 rats
1099 creatures vanquished.

Vanquished Creatures (others)
  A vault guard (D:14)
  A deep elf archer (Elf:2)
  A deep elf zephyrmancer (Elf:3)
  A guardian serpent (Abyss:3)
  An air elemental (Elf:2)
  An orc priest (Orc:2)
  6 starspawn tentacles (Abyss:3)
12 creatures vanquished.

Grand Total: 1111 creatures vanquished

Notes
Turn   | Place    | Note
-------+----------+-------------------------------------------
     0 | D:1      | zero the Gargoyle Conjurer began the quest for the Orb.
     0 | D:1      | Reached XP level 1. HP: 10/10 MP: 3/3
   139 | D:1      | Reached XP level 2. HP: 11/15 MP: 1/5
   429 | D:1      | Reached skill level 5 in Conjurations
   630 | D:1      | Reached skill level 1 in Fighting
   914 | D:2      | Reached XP level 3. HP: 19/20 MP: 0/6
   918 | D:2      | fuck earth magic!!!!!!!!!!!!
  1114 | D:1      | Learned a level 2 spell: Searing Ray
  1564 | D:2      | Reached XP level 4. HP: 26/26 MP: 4/7
  1767 | D:2      | Found a faded altar of an unknown god.
  1813 | D:2      | Learned a level 4 spell: Iskenderun's Mystic Blast
  2222 | D:3      | Identified the +5 war axe "Kaaxzia" {freeze, *Rage rPois
                  | Dex+3}
  3015 | D:4      | Reached XP level 5. HP: 31/31 MP: 2/8
  3019 | D:4      | Reached skill level 1 in Translocations
  3530 | D:4      | Reached XP level 6. HP: 37/37 MP: 2/9
  4426 | D:5      | Entered Level 5 of the Dungeon
  4773 | D:5      | Reached skill level 1 in Throwing
  4945 | D:5      | Learned a level 1 spell: Apportation
  4990 | D:5      | Noticed a water moccasin
  4995 | D:5      | Killed a water moccasin
  4996 | D:5      | Reached skill level 1 in Axes
  4996 | D:5      | Reached skill level 1 in Armour
  4996 | D:5      | Reached skill level 1 in Evocations
  4996 | D:5      | Reached XP level 7. HP: 42/42 MP: 4/11
  5174 | D:5      | Identified the amulet "Zataocim" {Acrobat rC+}
  5246 | D:5      | Reached XP level 8. HP: 44/48 MP: 1/12
  5630 | D:5      | Found a runed translucent gate.
  5630 | D:5      | Found a runed translucent gate.
  5630 | D:5      | Noticed Vorhees's ghost (novice OpSh)
  5631 | D:5      | Found a runed translucent gate.
  5700 | D:5      | Found a shimmering blue altar of Sif Muna.
  5714 | D:5      | Reached skill level 5 in Fighting
  5971 | D:5      | Noticed Blork the orc
  5980 | D:5      | Killed Blork the orc
  7139 | D:6      | Found a staircase to the Ecumenical Temple.
  7149 | Temple   | Entered the Ecumenical Temple
  7167 | Temple   | Became a worshipper of Vehumet
  7764 | D:6      | Reached XP level 9. HP: 49/54 MP: 0/15
  8148 | D:7      | Noticed a hornet
  8264 | D:7      | Killed a hornet
  8265 | D:7      | Reached skill level 10 in Conjurations
  8332 | D:7      | Found a bloodstained altar of Trog.
  8999 | D:7      | Found Miummuzu's Weapon Emporium.
  9035 | D:7      | Reached * piety under Vehumet
  9035 | D:7      | Offered knowledge of Sandblast by Vehumet.
  9096 | D:7      | Noticed Jeremiah
  9110 | D:7      | Killed Jeremiah
  9933 | D:8      | Reached XP level 10. HP: 26/59 MP: 7/17
 10424 | D:8      | Found a glowing silver altar of Zin.
 10485 | D:8      | Reached skill level 5 in Translocations
 10488 | D:8      | Reached skill level 5 in Spellcasting
 10803 | D:8      | Found an ancient bone altar of Kikubaaqudgha.
 10803 | D:8      | Noticed Maggie
 10820 | D:8      | Killed Maggie
 10937 | D:8      | Found a blossoming altar of Fedhas.
 11703 | D:9      | Reached ** piety under Vehumet
 11813 | D:9      | Found a stormy altar of Qazlal.
 11841 | D:9      | Offered knowledge of Freeze by Vehumet.
 12090 | D:9      | Identified the amulet of Joicujiw {RegenMP rC+ Regen+}
 12359 | D:10     | Entered Level 10 of the Dungeon
 12848 | D:10     | Found a staircase to the Lair.
 13017 | D:10     | Noticed a two-headed ogre
 13031 | D:10     | Killed a two-headed ogre
 13032 | D:10     | Reached XP level 11. HP: 57/66 MP: 12/20
 13134 | D:11     | Found a frozen archway.
 13138 | IceCv    | Entered an ice cave
 13412 | IceCv    | Noticed a white ugly thing
 13496 | IceCv    | Killed a white ugly thing
 13853 | D:11     | Noticed a manticore
 13872 | D:11     | Killed a manticore
 14049 | D:11     | Noticed a cyclops
 14062 | D:11     | Killed a cyclops
 14381 | D:11     | Found a portal to a secret trove of treasure.
 14601 | D:11     | Reached skill level 5 in Armour
 14757 | D:11     | Noticed Urug
 14776 | D:11     | Found a staircase to the Orcish Mines.
 14803 | D:11     | Killed Urug
 15155 | D:11     | Learned a level 7 spell: Orb of Destruction
 15205 | D:12     | Offered knowledge of Inner Flame by Vehumet.
 15561 | D:12     | Noticed a green ugly thing
 15574 | D:12     | Killed a green ugly thing
 15873 | D:12     | Reached skill level 5 in Throwing
 16225 | D:13     | Noticed Erolcha
 16400 | D:13     | Reached *** piety under Vehumet
 16401 | D:13     | Reached XP level 12. HP: 73/73 MP: 22/24
 16420 | D:13     | Noticed Azrael
 16605 | Lair:1   | Entered Level 1 of the Lair of Beasts
 16987 | Lair:1   | Offered knowledge of Volatile Blastmotes by Vehumet.
 17322 | Lair:1   | Found a runed translucent door.
 17324 | Lair:1   | Noticed Yohl's ghost (novice DrCj)
 17748 | Lair:2   | Reached skill level 15 in Conjurations
 18029 | Lair:2   | Reached **** piety under Vehumet
 18030 | Lair:2   | Reached skill level 1 in Fire Magic
 18643 | Lair:2   | Found a staircase to the Snake Pit.
 18888 | Lair:3   | Reached skill level 2 in Fire Magic
 18940 | Lair:3   | Noticed a four-headed hydra
 18947 | Lair:3   | Killed a four-headed hydra
 18948 | Lair:3   | Reached XP level 13. HP: 79/79 MP: 19/25
 19000 | Lair:3   | Offered knowledge of Iskenderun's Battlesphere by Vehumet.
 19012 | Lair:3   | Reached skill level 3 in Fire Magic
 19175 | Lair:3   | Learned a level 5 spell: Iskenderun's Battlesphere
 19523 | Lair:3   | Found a staircase to the Shoals.
 19605 | Lair:3   | Reached skill level 4 in Fire Magic
 20419 | Lair:4   | Reached ***** piety under Vehumet
 20525 | Lair:4   | Offered knowledge of Starburst by Vehumet.
 20693 | Lair:4   | Reached skill level 5 in Fire Magic
 21246 | Lair:5   | Entered Level 5 of the Lair of Beasts
 21292 | Lair:5   | Reached skill level 5 in Evocations
 21347 | Lair:5   | Reached skill level 6 in Fire Magic
 21505 | Lair:5   | Reached skill level 5 in Dodging
 21563 | Lair:5   | Gained mutation: Your large and strong wings let you fly.
                  | [Gargoyle growth]
 21563 | Lair:5   | Reached XP level 14. HP: 86/86 MP: 18/27
 21588 | Lair:5   | Found a snail-covered altar of Cheibriados.
 21684 | Lair:5   | Found a viscous altar of Jiyva.
 21685 | Lair:5   | Found a staircase to the Slime Pits.
 21920 | Lair:5   | Learned a level 2 spell: Blink
 21931 | Lair:5   | Noticed Josephine
 21933 | Lair:5   | Reached skill level 7 in Fire Magic
 21936 | Lair:5   | Killed Josephine
 21966 | Lair:5   | Reached skill level 10 in Fighting
 22630 | Lair:5   | Found a runed translucent door.
 22715 | Lair:5   | Reached skill level 8 in Fire Magic
 23089 | Lair:5   | Reached skill level 10 in Spellcasting
 23306 | Orc:1    | Entered Level 1 of the Orcish Mines
 23306 | Orc:1    | Found Ynufaf's Antique Weapon Emporium.
 23630 | Orc:1    | Bought a dazzling trident for 229 gold pieces
 23630 | Orc:1    | Identified the +6 trident of Xeogiat {freeze, *Rage Will+++
                  | Str+4 Int-4} (You bought it in a shop on level 1 of the
                  | Orcish Mines)
 23716 | Orc:1    | Offered knowledge of Flame Wave by Vehumet.
 23757 | Orc:1    | Reached skill level 9 in Fire Magic
 23814 | Orc:1    | Noticed UltraNumeron's ghost (novice TrMo)
 23820 | Orc:1    | Found a transporter.
 23889 | Orc:1    | Found a transporter.
 24067 | Orc:1    | Found Azyorr's Antique Armour Emporium.
 24076 | Orc:1    | Bought a runed hat for 161 gold pieces
 24490 | Orc:2    | Entered Level 2 of the Orcish Mines
 24490 | Orc:2    | Noticed Snorg
 24490 | Orc:2    | Found a staircase to the Elven Halls.
 24494 | Orc:2    | Killed Snorg
 24495 | Orc:2    | Reached skill level 10 in Fire Magic
 25359 | Orc:2    | Identified the +1 robe of Understanding {Regen+ Str-2 Dex+3
                  | Slay+2}
 25409 | Orc:2    | Offered knowledge of Arcjolt by Vehumet.
 25706 | Orc:2    | Reached skill level 11 in Fire Magic
 25812 | Orc:2    | Found Katuffim's Distillery.
 25812 | Orc:2    | Found Galurch's Magic Scroll Emporium.
 25813 | Orc:2    | Found Igaqipni's Book Emporium.
 25817 | Orc:2    | Found Sangeam's Assorted Antiques.
 26175 | Orc:1    | Killed UltraNumeron's ghost
 26176 | Orc:1    | Reached XP level 15. HP: 92/92 MP: 5/29
 26566 | D:13     | Noticed Sonja
 26568 | D:13     | Killed Sonja
 26589 | D:13     | Found a runed translucent gate.
 26589 | D:13     | Found a runed translucent gate.
 26589 | D:13     | Found a runed translucent gate.
 26591 | D:13     | Noticed Dolor's ghost (journeyman VSSh)
 26634 | D:13     | Reached skill level 12 in Fire Magic
 26692 | D:13     | Killed Azrael
 26855 | D:13     | Killed Erolcha
 27326 | Orc:2    | Bought a potion of heal wounds for 70 gold pieces
 27326 | Orc:2    | Bought a potion of curing for 42 gold pieces
 27326 | Orc:2    | Bought a potion of curing for 42 gold pieces
 27326 | Orc:2    | Bought a potion of magic for 112 gold pieces
 27951 | D:14     | Found a gate to the Vaults.
 27955 | D:14     | Reached skill level 13 in Fire Magic
 28008 | D:14     | Identified the +3 broad axe "Grum" {flame, *Rage rF+ Str+3
                  | Stlth+}
 28018 | D:14     | Learned a level 8 spell: Ignition
 28132 | D:14     | Found a white marble altar of Elyvilon.
 28139 | D:14     | Noticed Louise
 28688 | Snake:1  | Entered Level 1 of the Snake Pit
 28860 | Snake:1  | Offered knowledge of Fireball by Vehumet.
 29127 | Snake:1  | Reached skill level 14 in Fire Magic
 30331 | Snake:2  | Reached skill level 15 in Fire Magic
 30813 | Snake:2  | Found Inoutala's Distillery.
 30883 | Snake:2  | Reached XP level 16. HP: 97/97 MP: 27/30
 31709 | Snake:3  | Offered knowledge of Plasma Beam by Vehumet.
 31829 | Snake:3  | Noticed a nagaraja
 31906 | Snake:3  | Killed a nagaraja
 32308 | Snake:3  | Found Axadirot's General Store.
 32319 | Snake:3  | Found Volavits's Antique Armour Emporium.
 32319 | Snake:3  | Found Vusoawot's Assorted Antiques.
 32324 | Snake:3  | Bought the staff of Beastly Tenacity {rElec rF+ rCorr Str+3
                  | Stlth- Fire} for 500 gold pieces
 32324 | Snake:3  | Bought a scroll of blinking for 150 gold pieces
 32325 | Snake:3  | Found Lirunkoq's Jewellery Emporium.
 32338 | Snake:3  | Bought a pair of glowing gloves for 330 gold pieces
 33009 | Snake:4  | Entered Level 4 of the Snake Pit
 33291 | Snake:4  | Offered knowledge of Freezing Cloud by Vehumet.
 33604 | Snake:4  | Noticed a nagaraja
 33630 | Snake:4  | Killed a nagaraja
 33631 | Snake:4  | Reached skill level 10 in Armour
 33639 | Snake:4  | Reached XP level 17. HP: 52/104 MP: 6/32
 33989 | Snake:4  | HP: 5/106 [naga warrior/+0 trident (23)]
 34144 | Snake:4  | Reached skill level 16 in Fire Magic
 34164 | Snake:4  | HP: 2/106 [naga sharpshooter/bolt (21)]
 34367 | Snake:4  | Got a serpentine rune of Zot
 34710 | Shoals:1 | Entered Level 1 of the Shoals
 34746 | Shoals:1 | Reached skill level 1 in Shields
 35531 | Shoals:1 | Offered knowledge of Maxwell's Capacitive Coupling by
                  | Vehumet.
 36286 | Shoals:2 | Noticed a titan
 36375 | Shoals:2 | Killed a titan
 36552 | Shoals:2 | Reached skill level 5 in Shields
 37478 | Shoals:3 | Reached XP level 18. HP: 96/112 MP: 33/35
 38808 | Shoals:4 | Entered Level 4 of the Shoals
 39427 | Shoals:4 | Reached ****** piety under Vehumet
 39544 | Shoals:4 | Found Saablud's Antique Weapon Boutique.
 39548 | Shoals:4 | Identified the +0 leather armour "Gemuzoan" {Str+3 Dex+2}
 39561 | Shoals:4 | Offered knowledge of Fire Storm by Vehumet.
 39561 | Shoals:4 | Offered knowledge of Shatter by Vehumet.
 39561 | Shoals:4 | Offered knowledge of Chain Lightning by Vehumet.
 39717 | Shoals:4 | Reached skill level 17 in Fire Magic
 39742 | Shoals:4 | Got a barnacled rune of Zot
 39896 | Shoals:4 | Got Loixt's Folio of Translocational Fever
 40394 | Slime:1  | Entered Level 1 of the Pits of Slime
 40703 | Elf:1    | Entered Level 1 of the Elven Halls
 41317 | Elf:1    | Noticed Roxanne
 41328 | Elf:1    | Killed Roxanne
 41540 | Elf:1    | Reached skill level 15 in Armour
 41540 | Elf:1    | Reached XP level 19. HP: 116/116 MP: 30/37
 41705 | Elf:1    | Paralysed by an air elemental for 1 turns
 41709 | Elf:1    | Paralysed by an air elemental for 1 turns
 41715 | Elf:1    | Paralysed by an air elemental for 1 turns
 41719 | Elf:1    | Paralysed by an air elemental for 1 turns
 41721 | Elf:1    | Paralysed by an air elemental for 1 turns
 42121 | Elf:2    | Found a flickering gateway to a bazaar.
 42148 | Bazaar   | Entered a bazaar
 42157 | Bazaar   | Found Utitwoxe's Jewellery Boutique.
 42179 | Bazaar   | Found Feoneirr's General Store.
 42200 | Bazaar   | Found Enuepehug's Book Boutique.
 42220 | Bazaar   | Found Haez's Antique Armour Shoppe.
 42262 | Bazaar   | Bought Ozocubu's Autobiography for 288 gold pieces
 42277 | Bazaar   | Bought a potion of heal wounds for 75 gold pieces
 42277 | Bazaar   | Bought a scroll of teleportation for 45 gold pieces
 42307 | Bazaar   | Bought a glowing helmet for 120 gold pieces
 42307 | Bazaar   | Bought a runed robe for 59 gold pieces
 42433 | Elf:2    | Found a runed translucent gate.
 42433 | Elf:2    | Found a runed translucent gate.
 42439 | Elf:2    | Found a stormy altar of Qazlal.
 42716 | Elf:2    | Found Inli's Jewellery Shop.
 42717 | Elf:2    | Found Piofig's Book Shoppe.
 42719 | Elf:2    | Found Luon's Jewellery Shop.
 42725 | Elf:2    | Bought the ring "Gihith Fuext" {Wiz Int+3} for 606 gold
                  | pieces
 43041 | Elf:2    | Found a runed translucent gate.
 43613 | Elf:2    | Reached skill level 15 in Spellcasting
 43897 | Elf:2    | Reached skill level 18 in Fire Magic
 44138 | Elf:3    | Entered Level 3 of the Elven Halls
 44432 | Abyss:2  | Cast into level 2 of the Abyss (a deep elf sorcerer)
 44439 | Abyss:2  | Noticed a bone dragon
 44464 | Abyss:3  | Found a corrupted altar of Lugonu.
 44570 | Abyss:3  | Found a corrupted altar of Lugonu.
 44594 | Abyss:3  | Found a corrupted altar of Lugonu.
 44666 | Abyss:4  | Found a corrupted altar of Lugonu.
 44668 | Elf:3    | Escaped the Abyss
 45037 | Elf:3    | Reached XP level 20. HP: 122/122 MP: 13/39
 45567 | Elf:3    | Identified the amulet "Loacwom" {rPois rF+ Regen+}
 45568 | Elf:3    | Identified the ring of Yngatofi {EV+5 Str+2}
 45847 | Elf:3    | HP: 4/122 [Executioner[a deep elf demonologist] (4)]
 45853 | Elf:3    | Slain by an Executioner

Illustrated notes

#########
#....<..#
#.......#
#..†....#
#.......#
#......@#
#.......#
#.......#
#.......#
.........#
#.........
$.##.$..##
.....


Turn 918 on D:2: fuck earth magic!!!!!!!!!!!!

Levels and vault maps discovered:
D:1:      co_arrival_random_square_maze, layout_rooms, kennysheep_boxes
D:2:      layout_rooms, dreamdust_ecumenical_altar_statues,
          guppyfry_early_orc_mine
D:3:      layout_loops_ring, grunt_decor_junction
D:4:      nicolae_cairo_tiling_large_dashed, layout_loops_corners,
          glass_columns_b
D:5:      layout_basic, led_sif_book, gammafunk_ghost_nasty_kobolds,
          chequers_serial_rivers_small_a, uniq_blork_the_orc
D:6:      layout_loops_ring, minmay_temple_entry_slanted,
          nicolae_elevator_lobby_asterisk
D:7:      layout_basic, mainiacjoe_overflow_surrounded_room, serial_shops,
          nicolae_shop_waterfront, uniq_jeremiah
D:8:      layout_loops_ring, zin_academy,
          grunt_temple_overflow_growth_and_decay, uniq_maggie
D:9:      layout_roguey, lemuel_doored_altar
D:10:     layout_roguey, david_lair_shrubbed
D:11:     layout_basic, david_orc_2, enter_trove_0,
          portal_ice_cave_entry_pillars_1, uniq_urug
D:12:     layout_roguey
D:13:     layout_irregular_city, gammafunk_ghost_hydra_chop, uniq_erolcha,
          uniq_azrael, uniq_sonja
D:14:     layout_loops_ring, ximxim_vaults_locker_room, elyvilon_altar_5,
          uniq_louise
Temple:   compressed_dpeg_triangle_lava_temple
Lair:1:   layout_long_grid, ebering_ghost_inner_flame
Lair:2:   layout_loops_ring, nicolae_snake_entry_squirm, gauntlet_entry_generic,
          grunt_megastairs_3
Lair:3:   layout_gridlike, minmay_shoals_entry_beasts, beast_lair_carwin_4,
          grunt_megastairs_5
Lair:4:   layout_layer_cave
Lair:5:   guppyfry_lair_end_dragon, layout_long_grid, wormcave, slime_entry_1,
          minivault_27, kennysheep_snail_temple, uniq_josephine
Shoals:1: layout_shoals
Shoals:2: cheibrodos_shoals_gigantism, layout_shoals
Shoals:3: layout_shoals
Shoals:4: shoals_end_simple, layout_shoals, serial_shops, shop
Snake:1:  layout_cave_shapes
Snake:2:  layout_misc_corridors, serial_shops, shop
Snake:3:  layout_gridlike, minmay_shoptagon, grunt_megastairs_2
Snake:4:  snake_pit, layout_cave_town
Slime:1:  layout_caves
Orc:1:    layout_caves, gammafunk_ghost_arena, serial_shops, shop,
          nicolae_orc_damp_corner, guppyfry_orc_lava_fort
Orc:2:    st_orc_mages, layout_diamond_mine, hangedman_minor_magic, uniq_snorg
Elf:1:    nicolae_elf_arrival_fired_up, layout_gridlike, evilmike_minifort,
          kennysheep_underground_church, uniq_roxanne
Elf:2:    elven_hall_of_blades_hangedman_original
          [nicolae_blade_entry_floor_patterns], layout_onion_city, serial_shops,
          freezing_bzr, nicolae_elf_altarnating, minmay_shop_grove
Elf:3:    minmay_elf_hall_not_hex, layout_gridlike, nicolae_elf_m_pinch,
          nicolae_elf_big_sculpture_3, grunt_megastairs_4

Skill      XL: |  1  2  3  4  5  6  7  8  9 10 11 12 13 14 15 16 17 18 19 |
---------------+----------------------------------------------------------+-----
Conjurations   | 5 6 9 10 11 12 15 | 15.9
Fighting       | 1 2 3 4 5 6 8 9 10 11 12 | 12.0
Translocations | 1 2 3 4 5 |  5.0
Throwing       | 1 2 3 5 |  5.0
Axes           | 1 2 3 |  3.0
Armour         | 1 2 4 5 7 8 10 15 17 | 17.6
Dodging        | 2 3 5 6 7 8 |  8.0
Evocations     | 1 3 5 |  5.0
Stealth        | 3 |  3.0
Spellcasting   | 3 4 6 8 9 10 11 13 14 15 | 15.6
Fire Magic     | 2 6 11 15 16 17 18 | 18.6
Shields        | 5 6 |  6.0

Action                     |  1- 3 |  4- 6 |  7- 9 | 10-12 | 13-15 | 16-18 | 19-21 || total
---------------------------+-------+-------+-------+-------+-------+-------+-------++-------
  Melee: Hand axe          |    22 |     2 |       |       |       |       |       ||    24
         Punch             |     1 |       |       |     1 |     1 |     1 |       ||     4
         War axe           |       |    30 |    38 |    61 |   147 |     8 |       ||   284
         Staff             |       |       |       |       |       |     8 |     9 ||    17
         Broad axe         |       |       |       |       |       |       |    14 ||    14
  Throw: Javelin           |       |       |       |     1 |       |     2 |       ||     3
   Cast: Magic Dart        |    67 |    75 |    69 |    39 |   105 |       |       ||   355
         Searing Ray       |     1 |     9 |    37 |   104 |    21 |    37 |    13 ||   222
         Iskenderun's Myst |       |       |     6 |    59 |   131 |    94 |    41 ||   331
         Orb of Destructio |       |       |       |    35 |   226 |   329 |   134 ||   724
         Iskenderun's Batt |       |       |       |       |    84 |    64 |    11 ||   159
         Ignition          |       |       |       |       |     2 |    53 |    29 ||    84
         Blink             |       |       |       |       |       |     4 |     1 ||     5
  Evoke: Wand              |       |       |       |     3 |       |     2 |     1 ||     6
    Use: Scroll            |       |       |    17 |     7 |     8 |     2 |     6 ||    40
         Potion            |       |       |       |       |     4 |     3 |     1 ||     8
   Stab: Sleeping          |       |       |     3 |       |       |       |       ||     3
         Paralysed         |       |       |       |     3 |       |       |       ||     3
 Armour: Robe              |    44 |    35 |    22 |       |   187 |   380 |   324 ||   992
         Acid dragon scale |       |       |    48 |    96 |       |       |       ||   144
         Leather armour    |       |       |       |   222 |   327 |       |       ||   549
  Dodge: Dodged            |    51 |    58 |   118 |   218 |   295 |   201 |   142 ||  1083
  Block: Kite shield       |       |       |       |       |       |   106 |   151 ||   257

Table legend: (Time is in decaauts)
 A = Elapsed time spent in this place.
 B = Non-inter-level travel time spent in this place.
 C = Inter-level travel time spent in this place.
 D = Time resting spent in this place.
 E = Time spent auto-exploring this place.
 F = Levels seen in this place.
 G = Mean time per level.
                   A        B        C        D        E       F      G
               +--------+--------+--------+--------+--------+-----+--------+
         Total |  46318 |  42832 |   3486 |  13090 |  22646 |  39 | 1187.6 |
       Dungeon |  19129 |  17551 |   1578 |   6551 |   8915 |  14 | 1366.4 |
        Temple |    114 |     80 |     34 |     75 |      0 |   1 |  114.0 |
          Lair |   7736 |   6884 |    852 |   1515 |   4243 |   5 | 1547.2 |
        Shoals |   4976 |   4722 |    254 |    781 |   3143 |   4 | 1244.0 |
     Snake Pit |   5895 |   5685 |    210 |   2045 |   2515 |   4 | 1473.8 |
    Slime Pits |     11 |     11 |      0 |      0 |      0 |   1 |   11.0 |
  Orcish Mines |   2599 |   2194 |    405 |    379 |   1290 |   2 | 1299.5 |
   Elven Halls |   4739 |   4589 |    150 |   1265 |   2446 |   3 | 1579.7 |
         Abyss |    241 |    241 |      0 |     12 |      0 |   3 |   80.3 |
        Bazaar |    189 |    189 |      0 |      0 |     89 |   1 |  189.0 |
      Ice Cave |    685 |    685 |      0 |    465 |      5 |   1 |  685.0 |
               +--------+--------+--------+--------+--------+-----+--------+

Top non-repeatable levels by time:
     D:5: 2133 daAuts
  Lair:5: 2076 daAuts
   Elf:2: 1830 daAuts
 Snake:2: 1735 daAuts
    D:11: 1722 daAuts
     D:7: 1662 daAuts
     D:4: 1619 daAuts
   Elf:1: 1592 daAuts
     D:6: 1591 daAuts
    D:13: 1534 daAuts
     D:8: 1519 daAuts
  Lair:3: 1519 daAuts
  Lair:4: 1478 daAuts
  Lair:2: 1476 daAuts
 Snake:4: 1464 daAuts
